[Event "Titled Tuesday Blitz November 22 Early 2022"]
[White "Caruana, Fabiano"]
[Black "Gabrielian, Artur"]
[WhiteFideId "2020009"]
[BlackFideId "4131002"]
[WhiteElo "2847"]
[BlackElo "2432"]
[Result "1-0"]
[Round "08"]
[TimeControl "180+1"]
[Date "2022.11.22"]
[WhiteClock "0:00:03"]
[BlackClock "0:00:01"]

1. c4 Nf6 2. Nc3 g6 3. e4 Bg7 4. d4 d6 5. f3 O-O 6. Be3 c5 7. d5 e6 8. Nge2 exd5 9. cxd5 a6 10. a4 Nbd7 11. Ng3 Ne5 12. Be2 Rb8 13. O-O Bd7 14. h3 b5 15. axb5 axb5 16. f4 Nc4 17. Bxc4 bxc4 18. Qd2 Re8 19. Rae1 h5 20. Bf2 h4 21. Nh1 Nh5 22. f5 gxf5 23. exf5 Bxf5 24. Rxe8+ Qxe8 25. Bxh4 Bd3 26. Re1 Qd7 27. Nf2 Bg6 28. Ng4 Qf5 29. Nh6+ Bxh6 30. Qxh6 Qf4 31. Bg5 Qd4+ 32. Kh2 Qg7 33. Re2 Qxh6 34. Bxh6 Nf6 35. Bf4 Rb6 36. Bg5 Nd7 37. Bd8 Rb7 38. g4 Ne5 39. Bf6 Bd3 40. Rf2 Ng6 41. Kg3 Ra7 42. h4 Ra1 43. h5 Nf8 44. Be7 Ra6 45. Kh4 Nd7 46. Bg5 Kg7 47. Bf4 f6 48. g5 fxg5+ 49. Kxg5 Kh7 50. h6 Nf8 51. Kf6 Ng6 52. Bg5 Ra8 53. Ke6 Re8+ 54. Kxd6 Ne5 55. Kxc5 Bg6 56. Kb6 Nd3 57. Rh2 Rb8+ 58. Kc7 Rf8 59. d6 1-0


[Site "https://www.chess.com"]

[Event "Titled Tuesday Blitz November 22 Early 2022"]
[White "Chigaev, Maksim"]
[Black "Nakamura, Hikaru"]
[WhiteFideId "4108116"]
[BlackFideId "2016192"]
[WhiteElo "2541"]
[BlackElo "2909"]
[Result "1/2-1/2"]
[Round "08"]
[TimeControl "180+1"]
[Date "2022.11.22"]
[WhiteClock "0:00:07"]
[BlackClock "0:00:13"]

1. e4 g6 2. d4 Bg7 3. Nc3 a6 4. h4 b5 5. h5 Bb7 6. h6 Bf8 7. d5 e5 8. g4 Bc5 9. g5 d6 10. Bh3 Nd7 11. a3 Ne7 12. Qf3 Rf8 13. Bxd7+ Qxd7 14. Be3 Nc8 15. Bxc5 dxc5 16. Qf6 Qe7 17. Nf3 Nd6 18. Nxe5 b4 19. Na4 Qxf6 20. gxf6 Nxe4 21. O-O-O O-O-O 22. Rhe1 Nxf6 23. Nxc5 bxa3 24. bxa3 Bxd5 25. Nxa6 Ba8 26. Rxd8+ Kxd8 27. Rd1+ Kc8 28. Rd4 Nd5 29. Nc5 f6 30. Ned3 Re8 31. Kd2 g5 32. a4 f5 33. a5 f4 34. a6 Nb6 35. Kc1 Rd8 36. Rxd8+ Kxd8 37. Ne6+ Ke7 38. Nxg5 Kf6 39. Nxh7+ Kg6 40. Nf8+ Kxh6 41. Nxf4 Kg5 42. N4e6+ Kf5 43. Nxc7 Bh1 44. Nfe6 Ke5 45. Kd2 Kd6 46. f4 Be4 47. c3 Nc4+ 48. Ke2 Bf5 49. a7 Nb6 50. Ke3 Bxe6 51. a8=Q Nxa8 52. Nxa8 Kc6 53. Kd4 Kb7 54. Ke5 Ba2 55. f5 Kxa8 56. f6 Kb7 57. Kd6 Kb6 58. Ke7 Kc5 59. f7 Bxf7 60. Kxf7 Kc4 61. Kf6 Kxc3 1/2-1/2


[Site "https://www.chess.com"]

[Event "Titled Tuesday Blitz November 22 Early 2022"]
[White "Chuemsakul, Sarocha"]
[Black "Thorhallsson, Simon"]
[WhiteFideId "6203710"]
[BlackFideId "2310090"]
[WhiteElo "1686"]
[BlackElo "2109"]
[Result "0-1"]
[Round "08"]
[TimeControl "180+1"]
[Date "2022.11.23"]
[WhiteClock "0:00:07"]
[BlackClock "0:00:40"]

1. d4 Nf6 2. c4 c5 3. Nf3 cxd4 4. Nxd4 e5 5. Nb5 d5 6. cxd5 Bc5 7. N5c3 O-O 8. g3 Re8 9. Bg2 Nbd7 10. O-O e4 11. Nd2 e3 12. fxe3 Bxe3+ 13. Kh1 Ne5 14. Nf3 Neg4 15. Qb3 Bxc1 16. Raxc1 Ne3 17. Rfe1 Nxg2 18. Kxg2 Qd7 19. Nb5 Qh3+ 20. Kg1 Ng4 21. Nc7 Ne3 22. Nh4 Bg4 23. Nxa8 g5 24. Qb5 Bd7 25. Qb3 gxh4 26. Qxe3 Rxe3 0-1


[Site "https://www.chess.com"]

[Event "Titled Tuesday Blitz November 22 Early 2022"]
[White "Ciuffoletti, Paolo"]
[Black "Levine, David"]
[WhiteFideId "807630"]
[BlackFideId "2011611"]
[WhiteElo "2143"]
[BlackElo "2190"]
[Result "1-0"]
[Round "08"]
[TimeControl "180+1"]
[Date "2022.11.23"]
[WhiteClock "0:01:59"]
[BlackClock "0:01:29"]

1. e4 e5 2. Nf3 Nc6 3. Bc4 Nf6 4. d4 exd4 5. Ng5 d5 6. exd5 Qe7+ 7. Kf1 Qc5 8. Qe2+ Be7 9. dxc6 O-O 10. Bf4 Qxc6 11. Nd2 Bg4 12. Qxe7 Rfe8 1-0


[Site "https://www.chess.com"]

[Event "Titled Tuesday Blitz November 22 Early 2022"]
[White "Crevatin, Leo"]
[Black "Rios Escobar, Adan"]
[WhiteFideId "1726307"]
[BlackFideId "3403645"]
[WhiteElo "2208"]
[BlackElo "2356"]
[Result "1-0"]
[Round "08"]
[TimeControl "180+1"]
[Date "2022.11.23"]
[WhiteClock "0:00:36"]
[BlackClock "0:00:05"]

1. d4 Nf6 2. Bf4 g6 3. c3 Bg7 4. Nd2 d5 5. Ngf3 O-O 6. e3 c5 7. Be2 b6 8. O-O Bb7 9. h3 Nbd7 10. b4 c4 11. a4 Nh5 12. Bh2 Re8 13. Ne5 Bxe5 14. dxe5 Ng7 15. e4 e6 16. f4 dxe4 17. Nxc4 Qc7 18. Nd6 Red8 19. Rc1 Nf5 20. Nxf5 exf5 21. Qb3 Nf8 22. Kh1 Ne6 23. Bg1 Rac8 24. Be3 Kg7 25. Rc2 Bd5 26. c4 Bb7 27. Qb2 Kg8 28. Rfc1 Rd7 29. c5 bxc5 30. bxc5 Bc6 31. Bb5 Rb8 32. Qa2 Bxb5 33. axb5 Rxb5 34. c6 Rd3 35. Qxa7 Rbb3 36. Qxc7 Nxc7 37. Bc5 Kg7 38. Bd6 Ne6 39. c7 Nxc7 40. Rxc7 e3 41. Re1 Rb2 42. e6 Rxd6 43. Rxf7+ Kh6 44. Re7 e2 45. Kg1 Rd4 46. g3 Re4 47. Kf2 Rd2 48. Kf3 g5 49. fxg5+ Kxg5 50. Rxh7 Kf6 51. e7 Rxe7 52. Rxe7 Kxe7 53. Rxe2+ Rxe2 54. Kxe2 Kf6 55. Kf3 Ke5 56. Ke3 Ke6 57. Kf4 Kf6 58. h4 Kg6 59. Ke5 f4 60. Kxf4 Kf6 61. g4 Kg6 62. g5 Kh5 63. Kf5 Kxh4 64. g6 Kg3 65. g7 Kf3 66. g8=Q Ke3 67. Qd5 Ke2 68. Qe4+ Kd2 69. Qf3 Kc2 70. Ke4 Kd2 71. Qd3+ Ke1 72. Qc2 Kf1 73. Kf3 Kg1 74. Qg2# 1-0


[Site "https://www.chess.com"]

[Event "Titled Tuesday Blitz November 22 Early 2022"]
[White "D`Arruda, Ricardo D."]
[Black "Hambleton, Aman"]
[WhiteFideId "100692"]
[BlackFideId "2606577"]
[WhiteElo "2524"]
[BlackElo "2538"]
[Result "0-1"]
[Round "08"]
[TimeControl "180+1"]
[Date "2022.11.23"]
[WhiteClock "0:00:20"]
[BlackClock "0:00:06"]

1. d4 b6 2. e4 Bb7 3. Nc3 e6 4. Nf3 Bb4 5. Bd3 Nf6 6. Qe2 d5 7. e5 Ne4 8. O-O Nxc3 9. bxc3 Bxc3 10. Rb1 Nc6 11. Qe3 h6 12. Ba3 Qd7 13. Bb5 Ba5 14. Nd2 a6 15. Bd3 Nxd4 16. Nb3 Nxb3 17. axb3 c5 18. Qg3 g6 19. b4 Bxb4 20. Bxb4 cxb4 21. Rxb4 b5 22. Rf4 O-O-O 23. Ra1 Qc7 24. Rb4 Rd7 25. Qf4 h5 26. h4 Qc3 27. Rab1 Rhd8 28. R4b3 Qc5 29. c3 Rc7 30. Bf1 Kb8 31. Rd1 Rdc8 32. Rd4 Qe7 33. Qg3 Rc5 34. Qf4 Ka7 35. Qg3 Qc7 36. Qe3 Kb8 37. Qg3 Rxc3 38. Rxc3 Qxc3 39. Rd3 Qc5 40. Rf3 Rc7 41. Qf4 b4 42. Qf6 a5 43. Qd8+ Ka7 44. Qe8 Qc1 45. Rxf7 Rxf7 46. Qxf7 b3 47. Qf4 Qxf4 48. g3 Qd4 49. Kg2 b2 50. Be2 Qd2 51. Bf3 b1=Q 52. Bxd5 Qbe1 53. Bxb7 Qexf2+ 54. Kh3 Qde1 55. Bg2 Qxg3# 0-1


[Site "https://www.chess.com"]

[Event "Titled Tuesday Blitz November 22 Early 2022"]
[White "Danielian, Vardan"]
[Black "Bilych, Olexiy"]
[WhiteFideId "13301594"]
[BlackFideId "14156504"]
[WhiteElo "2562"]
[BlackElo "2320"]
[Result "0-1"]
[Round "08"]
[TimeControl "180+1"]
[Date "2022.11.23"]
[WhiteClock "0:02:06"]
[BlackClock "0:02:14"]

1. Nf3 d5 2. d4 Nf6 3. c4 e6 4. Nc3 c5 5. cxd5 cxd4 6. Nxd4 Nxd5 7. Nxd5 Qxd5 8. e3 Bd7 9. Qb3 Qxb3 10. Nxb3 Ba4 11. Bd2 Nc6 12. Be2 Bb4 13. a3 Be7 14. Bd1 O-O-O 15. Bc3 Rxd1+ 0-1


[Site "https://www.chess.com"]

[Event "Titled Tuesday Blitz November 22 Early 2022"]
[White "Dardha, Daniel"]
[Black "Deac, Bogdan-Daniel"]
[WhiteFideId "240990"]
[BlackFideId "1226380"]
[WhiteElo "2528"]
[BlackElo "2648"]
[Result "0-1"]
[Round "08"]
[TimeControl "180+1"]
[Date "2022.11.22"]
[WhiteClock "0:01:05"]
[BlackClock "0:00:21"]

1. d4 Nf6 2. c4 e6 3. g3 d5 4. Bg2 dxc4 5. Qa4+ Nbd7 6. Qxc4 a6 7. Be3 Rb8 8. Nd2 Bd6 9. Qc2 O-O 10. Nh3 b6 11. O-O Bb7 12. Ng5 Bxg2 13. Kxg2 h6 14. Nge4 Nd5 15. Nc4 N7f6 16. Bd2 Nxe4 17. Qxe4 c5 18. dxc5 Bxc5 19. Rfd1 Rc8 20. Rac1 Qf6 21. Qf3 Qxf3+ 22. Kxf3 b5 23. Ne5 Bd4 24. Nd3 f5 25. e3 Bf6 26. Ba5 Kf7 27. e4 fxe4+ 28. Kxe4 Rc4+ 29. Rxc4 bxc4 30. Ne5+ Bxe5 31. Kxe5 Rb8 32. Bc3 Nxc3 33. bxc3 Rb5+ 34. Kd4 Rd5+ 35. Kxc4 Rxd1 0-1


[Site "https://www.chess.com"]

[Event "Titled Tuesday Blitz November 22 Early 2022"]
[White "Donskov, Anatoly"]
[Black "Lakshmi C"]
[WhiteFideId "24143413"]
[BlackFideId "25035347"]
[WhiteElo "2219"]
[BlackElo "1865"]
[Result "1-0"]
[Round "08"]
[TimeControl "180+1"]
[Date "2022.11.23"]
[WhiteClock "0:00:36"]
[BlackClock "0:00:10"]

1. e4 c5 2. Nf3 Nc6 3. Nc3 e5 4. Bc4 Be7 5. d3 Nf6 6. Nd2 O-O 7. Nf1 Na5 8. Ne3 Nxc4 9. dxc4 d6 10. O-O Be6 11. b3 Qd7 12. Qd3 Nh5 13. Ncd5 g6 14. Bb2 Rad8 15. Rad1 f5 16. exf5 Bxf5 17. Nxf5 Rxf5 18. f4 Nxf4 19. Rxf4 exf4 20. Re1 Bh4 21. g3 f3 22. Kf2 Bg5 23. Qc3 Re5 24. Rxe5 dxe5 25. Qxe5 Qf5 26. Qg7# 1-0


[Site "https://www.chess.com"]

[Event "Titled Tuesday Blitz November 22 Early 2022"]
[White "Duda, Jan-Krzysztof"]
[Black "Svane, Rasmus"]
[WhiteFideId "1170546"]
[BlackFideId "4657101"]
[WhiteElo "2779"]
[BlackElo "2674"]
[Result "1-0"]
[Round "08"]
[TimeControl "180+1"]
[Date "2022.11.22"]
[WhiteClock "0:01:03"]
[BlackClock "0:00:03"]

1. d4 c6 2. Nf3 d5 3. Bf4 Nf6 4. e3 Bf5 5. c4 e6 6. Nc3 Nbd7 7. Qb3 Qb6 8. c5 Qxb3 9. axb3 a6 10. b4 Rc8 11. h3 Be7 12. Nd2 Bd8 13. Nb3 O-O 14. g4 Be4 15. Rg1 Bc2 16. Na5 Bxa5 17. Rxa5 Rfe8 18. Kd2 Bg6 19. f3 e5 20. dxe5 Nxe5 21. Bxe5 Rxe5 22. f4 Ne4+ 23. Nxe4 Rxe4 24. f5 Rxb4 25. fxg6 hxg6 26. Kc3 Re4 27. Rg3 Rce8 28. Kd2 Rb4 29. Kc2 Re5 30. Bd3 d4 31. exd4 Rxd4 32. Kc3 Rf4 33. b4 Re1 34. Ra2 Kf8 35. Re2 Rc1+ 36. Kb2 Rd1 37. Rge3 Kg8 38. Kc3 Rc1+ 39. Bc2 Kh7 40. Re1 Rxe1 41. Rxe1 Rf3+ 42. Bd3 Rxh3 43. Re7 f5 44. gxf5 gxf5 45. Rxb7 Kh6 46. Rb6 f4 47. Rxc6+ Kh5 48. Rxa6 f3 49. Ra1 1-0


[Site "https://www.chess.com"]

[Event "Titled Tuesday Blitz November 22 Early 2022"]
[White "Erdogdu, Mert"]
[Black "Decuigniere, Tom"]
[WhiteFideId "6301495"]
[BlackFideId "26093820"]
[WhiteElo "2413"]
[BlackElo "2252"]
[Result "1-0"]
[Round "08"]
[TimeControl "180+1"]
[Date "2022.11.23"]
[WhiteClock "0:00:50"]
[BlackClock "0:00:02"]

1. e4 c5 2. Nf3 g6 3. d4 cxd4 4. Qxd4 Nf6 5. Nc3 Nc6 6. Qa4 d6 7. e5 dxe5 8. Nxe5 Bg7 9. Bb5 O-O 10. Nxc6 bxc6 11. Bxc6 Rb8 12. O-O Qc7 13. Re1 Rb6 14. Nd5 Nxd5 15. Bxd5 Bf5 16. c3 Be5 17. Qh4 Rd8 18. Bb3 Bf6 19. Bg5 a5 20. Bxf6 Rxf6 21. Rad1 Rxd1 22. Rxd1 Rd6 23. Rxd6 Qxd6 24. Qd4 Qc7 25. f4 h5 26. Bc4 Qb7 27. b4 e6 28. b5 h4 29. h3 a4 30. Bf1 a3 31. c4 Bb1 32. Qf2 Qe4 33. c5 Qd5 34. c6 Bxa2 35. c7 Qd7 36. Qxa2 Qxc7 37. Qxa3 Qxf4 38. Qf3 Qd4+ 39. Qf2 Qd5 40. Qxh4 e5 41. Qf2 e4 42. Qe3 f5 43. g3 Kg7 44. h4 Kf6 45. Qc3+ Ke7 46. b6 g5 47. hxg5 Kf8 48. g6 Ke8 49. Qc8+ Ke7 50. Qc7+ Kf6 51. Qf7+ Kg5 52. Qxd5 1-0


[Site "https://www.chess.com"]

[Event "Titled Tuesday Blitz November 22 Early 2022"]
[White "Fabris, Alberto"]
[Black "Ilkhomi, Jaloliddin"]
[WhiteFideId "801348"]
[BlackFideId "14700948"]
[WhiteElo "2161"]
[BlackElo "2045"]
[Result "0-1"]
[Round "08"]
[TimeControl "180+1"]
[Date "2022.11.23"]
[WhiteClock "0:00:16"]
[BlackClock "0:01:00"]

1. d4 Nf6 2. Nf3 e6 3. Bf4 b6 4. e3 Bb7 5. Nbd2 Be7 6. Bd3 O-O 7. O-O c5 8. c3 Nc6 9. Qe2 d6 10. h3 Qc7 11. Rac1 Rfe8 12. e4 e5 13. Bh2 Rac8 14. d5 Nd8 15. Nh4 a6 16. a4 b5 17. axb5 axb5 18. Bxb5 Rf8 19. Nf5 g6 20. Nh6+ Kg7 21. Ng4 h5 22. Nxf6 Bxf6 23. f4 Rb8 24. Bd3 Bc8 25. Nc4 Nb7 26. fxe5 Bxe5 27. Bxe5+ dxe5 28. Qf2 f6 29. Qg3 Nd6 30. Rf2 Ba6 31. Nxd6 Qxd6 32. Rcf1 Bxd3 33. Qxd3 Rb7 34. Rd2 Rfb8 35. Rff2 Ra7 36. Kh2 Ra1 37. Rf1 Ra2 38. Rff2 Ra1 39. Rf1 Ra2 40. Rff2 f5 41. exf5 e4+ 42. Qg3 Qxg3+ 43. Kxg3 e3 44. d6 exf2 45. Rxf2 Raxb2 46. Rf3 g5 47. h4 g4 48. Rd3 Kf6 49. d7 Rd8 50. Kf4 Rf2+ 51. Ke3 Rxg2 52. Ke4 Re2+ 53. Kf4 Rf2+ 54. Ke4 Rxf5 55. Rd6+ Ke7 0-1


[Site "https://www.chess.com"]

[Event "Titled Tuesday Blitz November 22 Early 2022"]
[White "Farmani Anosheh, Armin"]
[Black "Golubev, Mikhail"]
[WhiteFideId "24613240"]
[BlackFideId "14100983"]
[WhiteElo "2289"]
[BlackElo "2374"]
[Result "1-0"]
[Round "08"]
[TimeControl "180+1"]
[Date "2022.11.23"]
[WhiteClock "0:00:07"]
[BlackClock "0:00:01"]

1. d4 Nf6 2. c4 g6 3. g3 Bg7 4. Bg2 O-O 5. Nc3 d6 6. Nf3 Nbd7 7. O-O e5 8. e4 Re8 9. Re1 exd4 10. Nxd4 c6 11. Nc2 Ne5 12. b3 d5 13. exd5 cxd5 14. Bb2 Bg4 15. f3 Bf5 16. Nxd5 Nxd5 17. Qxd5 Qxd5 18. cxd5 Bxc2 19. Rac1 Nxf3+ 20. Bxf3 Rxe1+ 21. Rxe1 Bxb2 22. Kg2 Ba3 23. Re2 Bf5 24. g4 Bd7 25. d6 Rd8 26. Bxb7 Bxg4 27. Re4 Bf5 28. Ra4 Bxd6 29. Rxa7 Be6 30. Bf3 Kg7 31. Rb7 h5 32. a4 h4 33. h3 Bf4 34. a5 Rd2+ 35. Kf1 Ra2 36. b4 Bxh3+ 37. Ke1 Bd2+ 38. Kd1 Bxb4 39. Rxb4 Rxa5 40. Rxh4 Be6 41. Rd4 Kf6 42. Kd2 Kg7 43. Rd8 Rf5 44. Ke3 Re5+ 45. Kf2 Rf5 46. Ke3 Rf6 47. Be4 g5 48. Rd2 Rh6 49. Rg2 Kf6 50. Rf2+ Kg7 51. Rb2 Rh3+ 52. Kd4 Rh4 53. Ke5 Rf4 54. Rb7 Rf1 55. Ra7 Re1 56. Kd4 Bh3 57. Ra5 Rd1+ 58. Ke3 Kh6 59. Bf3 1-0


[Site "https://www.chess.com"]

[Event "Titled Tuesday Blitz November 22 Early 2022"]
[White "Fernandez Garcia, Gumersindo"]
[Black "Osmonbekov, Talaibek"]
[WhiteFideId "24516740"]
[BlackFideId "2017253"]
[WhiteElo "2140"]
[BlackElo "2135"]
[Result "1-0"]
[Round "08"]
[TimeControl "180+1"]
[Date "2022.11.23"]
[WhiteClock "0:00:50"]
[BlackClock "0:00:20"]

1. e4 c5 2. c3 d5 3. exd5 Qxd5 4. d4 Nf6 5. Nf3 e6 6. Be2 Nc6 7. O-O Be7 8. dxc5 Qxd1 9. Rxd1 Bxc5 10. Nbd2 O-O 11. Nb3 Bb6 12. h3 e5 13. Bb5 Ne4 14. Be3 Bxe3 15. fxe3 f6 16. Bc4+ Kh8 17. Bd5 Bf5 18. Nh4 Ng3 19. Kh2 g5 20. Kxg3 gxh4+ 21. Kxh4 Rad8 22. Nc5 Bc8 23. Be6 b6 24. Bxc8 Rxc8 25. Nd7 Rg8 26. Nxf6 Rxg2 27. Rd7 Rg7 28. Rad1 Rf8 29. Rxg7 Kxg7 30. Nh5+ Kg8 31. Rd6 Ne7 32. Rd7 Nf5+ 33. Kg5 Nxe3 34. Nf6+ Rxf6 35. Kxf6 e4 36. Rd8# 1-0


[Site "https://www.chess.com"]

[Event "Titled Tuesday Blitz November 22 Early 2022"]
[White "Fernandez Siles, Luis"]
[Black "Jiganchine, Roman"]
[WhiteFideId "2209420"]
[BlackFideId "2603667"]
[WhiteElo "2186"]
[BlackElo "2309"]
[Result "1-0"]
[Round "08"]
[TimeControl "180+1"]
[Date "2022.11.23"]
[WhiteClock "0:00:06"]
[BlackClock "0:00:04"]

1. d4 d5 2. c4 e6 3. Nc3 Nf6 4. cxd5 exd5 5. Bg5 c6 6. e3 Bf5 7. Qf3 Bg6 8. Bxf6 Qxf6 9. Qxf6 gxf6 10. Nf3 Nd7 11. Nh4 Nb6 12. f4 Be4 13. a3 f5 14. Rg1 Be7 15. Nf3 Nc8 16. Kf2 Nd6 17. g3 h5 18. Nh4 b5 19. Bh3 O-O 20. b3 Rfd8 21. Nxe4 fxe4 22. Nf5 Nxf5 23. Bxf5 Rd6 24. a4 bxa4 25. Rxa4 Rf6 26. Bh3 c5 27. Rga1 a6 28. dxc5 Bxc5 29. b4 Ba7 30. b5 d4 31. exd4 Rd6 32. Ke3 Rad8 33. bxa6 Rxd4 34. Rxd4 Rxd4 35. Ke2 Rb4 36. Rc1 Rb2+ 37. Kd1 Ra2 38. Bc8 Rxh2 39. Rc2 Rh1+ 40. Ke2 Rh2+ 41. Kd1 Rxc2 42. Kxc2 Kg7 43. Bf5 Kf6 44. Bxe4 Ke7 45. Bf3 1-0


[Site "https://www.chess.com"]

[Event "Titled Tuesday Blitz November 22 Early 2022"]
[White "Ferreira, Vitor Hugo Vieira"]
[Black "Weetik, Vjacheslav"]
[WhiteFideId "2119765"]
[BlackFideId "4153472"]
[WhiteElo "2168"]
[BlackElo "2469"]
[Result "0-1"]
[Round "08"]
[TimeControl "180+1"]
[Date "2022.11.23"]
[WhiteClock "0:01:35"]
[BlackClock "0:00:11"]

1. e4 c6 2. d4 d5 3. exd5 cxd5 4. Bd3 Nc6 5. c3 g6 6. Ne2 Bf5 7. Ng3 Bxd3 8. Qxd3 e6 9. h4 h5 10. Nd2 Nf6 11. Nf3 Ng4 12. Bg5 Qc7 13. Ne2 Bd6 14. g3 Ne7 15. O-O Nf5 16. Kg2 f6 17. Bf4 e5 18. dxe5 fxe5 19. Qxd5 exf4 20. Qe6+ Qe7 21. Qxg6+ Qf7 22. Qg5 Rg8 23. Nxf4 Rxg5 24. Rfe1+ Nge3+ 25. fxe3 Rxg3+ 26. Kf2 O-O-O 27. e4 Bxf4 28. exf5 Qxf5 29. Rad1 Rxf3+ 30. Kxf3 Qg4+ 31. Ke4 Rxd1 32. Rxd1 Qxd1 33. c4 Qg4 34. Kd5 Qf5+ 35. Kd4 Qe5+ 36. Kd3 Qe3+ 37. Kc2 Be5 38. c5 Qxc5+ 0-1


[Site "https://www.chess.com"]

[Event "Titled Tuesday Blitz November 22 Early 2022"]
[White "Firouzja, Alireza"]
[Black "Durarbayli, Vasif"]
[WhiteFideId "12573981"]
[BlackFideId "13402935"]
[WhiteElo "2903"]
[BlackElo "2586"]
[Result "0-1"]
[Round "08"]
[TimeControl "180+1"]
[Date "2022.11.22"]
[WhiteClock "0:00:01"]
[BlackClock "0:00:06"]

1. d4 d5 2. Bg5 c5 3. dxc5 h6 4. Bd2 e5 5. b4 a5 6. c3 b6 7. cxb6 Qxb6 8. b5 Bc5 9. e3 Nf6 10. Nf3 Nbd7 11. a4 O-O 12. Na3 Bb7 13. Be2 Rad8 14. O-O Ne4 15. Nc2 Qg6 16. Be1 Rfe8 17. c4 d4 18. Bxa5 dxe3 19. Nxe3 Nxf2 20. Rxf2 Bxe3 21. Bxd8 Rxd8 22. Qe1 e4 23. Nd2 Ne5 24. Nf1 Bc5 25. Ng3 h5 26. Bxh5 Qf6 27. Kf1 Bxf2 28. Qxf2 Nf3 29. Rc1 Rd2 30. Qe3 Qb2 31. Re1 Nxh2+ 32. Kg1 Rxg2+ 33. Kh1 Nf3 34. Bxf3 exf3 35. Qe8+ Kh7 0-1


[Site "https://www.chess.com"]

[Event "Titled Tuesday Blitz November 22 Early 2022"]
[White "Garcia Ramos, Daniel"]
[Black "Kvaloy, Aksel Bu"]
[WhiteFideId "32010311"]
[BlackFideId "1528815"]
[WhiteElo "2357"]
[BlackElo "2184"]
[Result "0-1"]
[Round "08"]
[TimeControl "180+1"]
[Date "2022.11.23"]
[WhiteClock "0:00:01"]
[BlackClock "0:00:58"]

1. e4 e5 2. Nf3 Nf6 3. Nxe5 Nc6 4. Nxc6 dxc6 5. d3 Bc5 6. Be2 h5 7. Be3 Bxe3 8. fxe3 Ng4 9. Bxg4 hxg4 10. Qe2 Be6 11. Nd2 g3 12. h3 Qf6 13. d4 O-O-O 14. O-O-O c5 15. e5 Qe7 16. Nb3 c4 17. Nc5 c3 18. bxc3 Bxa2 19. Qb5 Bd5 20. e4 Bc6 21. Qa5 b6 22. Qa6+ Kb8 23. Rd3 Ba8 24. Qb5 Qe8 25. Qb4 a5 26. Qb3 Ka7 27. Na4 Bxe4 28. Rxg3 g6 29. Rd1 Qc6 30. c4 Rhe8 31. Nc3 Bf5 32. Nb5+ Kb7 33. d5 Qc5 34. Re3 a4 35. Qc3 c6 36. dxc6+ Kxc6 37. Rd6+ Rxd6 38. Nxd6 Re6 39. Nxf5 gxf5 40. Qd3 f4 41. Qe4+ Kc7 42. Qxf4 Qe7 43. Qd4 f6 44. Rd3 fxe5 45. Qd5 e4 46. Rg3 e3 47. Rg7 Qxg7 48. Qxe6 Qa1# 0-1


[Site "https://www.chess.com"]

[Event "Titled Tuesday Blitz November 22 Early 2022"]
[White "Garmash, Aliona"]
[Black "Khamdamova, Afruza"]
[WhiteFideId "34127620"]
[BlackFideId "14210444"]
[WhiteElo "1958"]
[BlackElo "2018"]
[Result "1-0"]
[Round "08"]
[TimeControl "180+1"]
[Date "2022.11.23"]
[WhiteClock "0:00:08"]
[BlackClock "0:00:21"]

1. d4 Nf6 2. c4 e6 3. Nf3 d5 4. Nc3 Be7 5. Bf4 O-O 6. e3 b6 7. cxd5 Nxd5 8. Nxd5 exd5 9. a3 c5 10. dxc5 bxc5 11. Be2 Be6 12. O-O Nd7 13. Qd2 h6 14. Rfd1 Nf6 15. Rac1 Qb6 16. Be5 Ne4 17. Qc2 Rac8 18. Bd3 Nf6 19. Bf5 Rfd8 20. h3 Nd7 21. Bxe6 Qxe6 22. Bc3 Nf6 23. Qa4 a6 24. Ne5 Ne4 25. Nd3 c4 26. Nf4 Qf5 27. Qxa6 Rd6 28. Qb7 Nc5 29. Qxe7 Rcd8 30. Qe5 Qxe5 31. Bxe5 R6d7 32. Bd4 Nb3 33. Rc3 f6 34. Ne2 Rb7 35. Nc1 Na5 36. Rc2 Rdb8 37. Bc3 Rb5 38. Bxa5 Rxa5 39. Ne2 Rab5 40. Rdd2 Kh7 41. Nc3 Rb3 42. Nxd5 Rc8 43. Nf4 c3 44. bxc3 Rxa3 45. c4 Ra1+ 46. Kh2 Rc5 47. Nd3 Rc6 48. c5 Ra4 49. Rc3 Re4 50. Rdc2 1-0


[Site "https://www.chess.com"]

[Event "Titled Tuesday Blitz November 22 Early 2022"]
[White "Garv Gaur"]
[Black "Martin, Lewis"]
[WhiteFideId "45030839"]
[BlackFideId "410551"]
[WhiteElo "1960"]
[BlackElo "2145"]
[Result "1-0"]
[Round "08"]
[TimeControl "180+1"]
[Date "2022.11.23"]
[WhiteClock "0:01:32"]
[BlackClock "0:00:41"]

1. d4 d5 2. c4 c6 3. Nf3 Nf6 4. g3 Bf5 5. Nc3 dxc4 6. Bg2 Nbd7 7. O-O e6 8. Nh4 Bg4 9. h3 Bh5 10. g4 Nxg4 11. hxg4 Qxh4 12. gxh5 Bd6 13. f4 Qxh5 14. e4 Qxd1 15. Rxd1 O-O-O 16. e5 Be7 17. Be3 h6 18. a4 Nb6 19. a5 Nd5 20. Nxd5 cxd5 21. b3 cxb3 22. Rdc1+ Kb8 23. Rab1 Rc8 24. Rxc8+ Rxc8 25. Rxb3 Rc4 26. Bf1 Rc2 27. Bb5 f6 28. Bd7 fxe5 29. fxe5 a6 30. Bxe6 Bd8 31. Bxd5 Rc7 32. e6 Re7 33. Bf4+ Kc8 34. Bd6 Re8 35. Bxb7# 1-0


[Site "https://www.chess.com"]

[Event "Titled Tuesday Blitz November 22 Early 2022"]
[White "Gheorghiu, Calin"]
[Black "Aloma Vidal, Robert"]
[WhiteFideId "1200305"]
[BlackFideId "2260409"]
[WhiteElo "2225"]
[BlackElo "2435"]
[Result "0-1"]
[Round "08"]
[TimeControl "180+1"]
[Date "2022.11.23"]
[WhiteClock "0:00:02"]
[BlackClock "0:00:13"]

1. e3 e5 2. e4 Nf6 3. Nc3 Nc6 4. Nf3 Bb4 5. Nd5 O-O 6. Nxb4 Nxb4 7. c3 Nc6 8. d3 d5 9. exd5 Qxd5 10. Be2 h6 11. O-O Bf5 12. Be3 Rad8 13. d4 Ng4 14. Qa4 e4 15. Nd2 a6 16. Bc4 Qd6 17. g3 b5 18. Qxa6 bxc4 19. Nxc4 Qg6 20. b4 Qh5 21. h4 Ne7 22. b5 Nd5 23. Rfe1 Be6 24. Qc6 Nxc3 25. a4 Bd5 26. Qc5 Qf5 27. a5 Qf3 28. Nd2 Qf6 29. a6 Nxe3 30. Rxe3 Nxb5 31. Qxb5 Rb8 32. Qc5 Rfd8 33. a7 Ra8 34. Nc4 Qe6 35. Ne5 f6 0-1


[Site "https://www.chess.com"]

[Event "Titled Tuesday Blitz November 22 Early 2022"]
[White "Ghosh, Chanchal Kumer"]
[Black "Ovchinnikov, Vsevolod"]
[WhiteFideId "10201858"]
[BlackFideId "24176842"]
[WhiteElo "2058"]
[BlackElo "2376"]
[Result "0-1"]
[Round "08"]
[TimeControl "180+1"]
[Date "2022.11.23"]
[WhiteClock "0:00:01"]
[BlackClock "0:00:15"]

1. e4 g6 2. Nf3 Bg7 3. d4 d6 4. h3 Nf6 5. Bd3 O-O 6. O-O Nbd7 7. Re1 e5 8. c3 b6 9. Nbd2 Bb7 10. Nf1 h6 11. Ng3 a6 12. Be3 Kh7 13. Qd2 Re8 14. Rad1 Qe7 15. d5 c6 16. dxc6 Bxc6 17. Bc2 Bf8 18. Nh4 Ng8 19. Bb3 Qxh4 20. Bxf7 Red8 21. Bxg8+ Kxg8 22. Qd3 b5 23. Qe2 Be7 24. b3 Rac8 25. c4 Kg7 26. Rd3 bxc4 27. bxc4 Rb8 28. Red1 Nc5 29. Bxc5 dxc5 30. Kh2 Rd4 31. Rf3 Rf8 32. Rxf8 Bxf8 33. Rb1 Qd8 34. Qg4 Bd7 35. Qf3 Be6 36. Rb7+ Rd7 37. Rb6 Qxb6 38. Qe3 Rd4 39. h4 Bf7 40. Qf3 Qf6 41. Qg4 Kh7 42. h5 Bg7 43. hxg6+ Bxg6 44. f3 Qf4 45. Qh3 h5 46. Kg1 Rd1+ 47. Kh2 h4 0-1


[Site "https://www.chess.com"]

[Event "Titled Tuesday Blitz November 22 Early 2022"]
[White "Ginzburg, Yakov"]
[Black "Izuzquiza Gonzalez, Javier"]
[WhiteFideId "4157176"]
[BlackFideId "3101029"]
[WhiteElo "2305"]
[BlackElo "2034"]
[Result "1-0"]
[Round "08"]
[TimeControl "180+1"]
[Date "2022.11.23"]
[WhiteClock "0:02:41"]
[BlackClock "0:01:55"]

1. d4 Nf6 2. c4 g6 3. Nf3 Bg7 4. Nc3 d5 5. cxd5 Nxd5 6. e4 Nxc3 7. bxc3 c5 8. Rb1 O-O 9. Be2 cxd4 10. cxd4 Qa5+ 11. Bd2 Qxa2 12. O-O Bg4 13. Rxb7 Nc6 14. d5 Rfb8 15. dxc6 Rxb7 16. cxb7 Rb8 17. Bf4 1-0


[Site "https://www.chess.com"]